 Dungeon Crawl Stone Soup version 0.28-a0-793-g31680bbd8b (webtiles) character file.

Game seed: 16147172377265732650

257 demibob the Ruffian (level 6, -1/51 HPs)
             Began as a Ghoul Monk on Nov 4, 2021.
             Slain by an orc (7 damage)
             ... on level 3 of the Dungeon.
             The game lasted 00:03:32 (2306 turns).

demibob the Ruffian (Ghoul Monk)                    Turns: 2306, Time: 00:03:33

Health: -1/51      AC:  4    Str: 17      XL:     6   Next: 16%
Magic:  5/5        EV: 16    Int:  4 (5)  God:
Gold:   71         SH:  0    Dex: 11      Spells: 5/5 levels left

rFire   . . .      SeeInvis .     - Unarmed
rCold   + . .      Faith    .   (no shield)
rNeg    + + +      Spirit   .   a - +1 robe
rPois   ∞          Reflect  .   i - +0 helmet
rElec   .          Harm     .   (no cloak)
rCorr   .          Rampage  .   (no gloves)
Will    .....                   (no boots)
Stlth   ++........              (no amulet)
HPRegen 0.00/turn               E - +4 ring of evasion
MPRegen 0.09/turn               (no ring)

@: mighty, inhibited regen
A: claws 1, cold resistance 1, negative energy resistance 3, inhibited
regeneration, torment resistance 2
a: no special abilities


You were on level 3 of the Dungeon.
You visited 1 branch of the dungeon, and saw 3 of its levels.

You collected 71 gold pieces.


Innate Abilities, Weirdness & Mutations

You thrive by killing the living.
You are immune to poison.
You have sharp fingernails.
Your flesh is cold resistant. (rC+)
You are immune to negative energy. (rN+++)
You do not regenerate when monsters are visible.
You are immune to unholy pain and torment.


   Skills:
 - Level 3.2 Fighting
 - Level 2.6 Dodging
 - Level 2.1 Stealth
 + Level 7.4 Unarmed Combat


You had 5 spell levels left.
You didn't know any spells.
Your spell library was empty.

Inventory:

Armour
 a - a +1 robe (worn)
 i - a +0 helmet (worn)
Magical Staves
 k - a staff of poison {!a}
Jewellery
 E - a +4 ring of evasion (left claw)
Scrolls
 b - a scroll of amnesia
 f - a scroll of identify {@r1}
 h - a scroll of teleportation {@r2}
Potions
 c - a potion of curing {@q1}
 e - 2 potions of degeneration

Dungeon Overview and Level Annotations

Branches:
Dungeon (3/15)

Altars:

Shops:
D:1

* ▒▒▒▒▒▒++▒▒▒▒▒ ............
.........g. ...g.og. .....
▒▒''▒▒ ▒...g▒▒▒▒▒▒▒
+..ogo)@...+ ▒..Ko▒▒▒▒▒▒▒
▒▒▒▒▒▒▒▒▒▒''''▒▒▒▒▒▒▒▒▒▒▒▒▒
..........................▒
≈≈≈≈≈≈≈≈≈≈....≈≈≈≈≈≈≈≈≈≈≈≈▒▒
≈≈≈≈≈≈≈≈≈≈....≈≈≈≈≈≈≈≈≈≈≈≈≈≈
≈≈≈≈≈≈≈≈≈≈)...≈≈≈≈≈≈≈≈≈≈≈≈≈≈
...)........................
#####.#.#.......####)#######


You could see a kobold brigand, 2 gnolls and 3 orcs.


Message History

The orc hits you but does no damage. The orc completely misses you.
The gnoll closely misses you.
You claw the orc!
You kill the orc!
You feel better.
The orc hits you from afar with a +0 trident.
You claw the gnoll!
The gnoll is heavily wounded.
The gnoll hits you from afar with a +0 halberd!
The orc barely misses you. The gnoll hits you but does no damage.
You mangle the gnoll!!
You kill the gnoll!
The orc misses you. The gnoll closely misses you.
The orc hits you from afar with a +2 trident of freezing.
* * * LOW HITPOINT WARNING * * *
You are too injured to fight recklessly!
The orc hits you with a +0 trident!
* * * LOW HITPOINT WARNING * * *
The gnoll hits you with a +0 halberd!
* * * LOW HITPOINT WARNING * * *
The orc hits you but does no damage.
There is an open door, spattered with blood here.
Items here: )))) [[ †††.
The orc closely misses you. The gnoll misses you. The orc misses you.
Items here: ))) [ †††.
As you read the scroll labelled WUALUPN XILLIS, it crumbles to dust.
It is a scroll of enchant weapon.
You aren't carrying any weapons that can be enchanted.
The orc hits you from afar with a +0 trident!
You die...

Skill      XL: |  1  2  3  4  5 |
---------------+----------------+-----
Unarmed Combat | 4 5 6 7 |  7.4
Fighting       | |  3.2
Dodging        | |  2.6
Stealth        | |  2.1

Action                   |  1- 3 |  4- 6 || total
-------------------------+-------+-------++-------
Melee: Unarmed           |    93 |   136 ||   229
       Punch             |       |     4 ||     4
  Use: Scroll            |     6 |     3 ||     9
       Potion            |       |     2 ||     2
 Stab: Sleeping          |     5 |     3 ||     8
       Distracted        |     1 |       ||     1
Armor: Robe              |    14 |    22 ||    36
Dodge: Dodged            |    56 |   107 ||   163

Levels and vault maps discovered:
D:1:      minmay_arrival_shattered_statue, layout_loops_cross, serial_shops,
          shop_fountains, eino_curves_04
D:2:      minmay_diamond_boxcup, layout_rooms
D:3:      lemuel_castle_with_subvaults [lemuel_castle_interior_original],
          layout_loops_ring, shapermc_ecumenical_altar_acropolis

Notes
Turn   | Place    | Note
-------+----------+-------------------------------------------
     0 | D:1      | demibob the Ghoul Monk began the quest for the Orb.
     0 | D:1      | Reached XP level 1. HP: 19/19 MP: 0/0
   100 | D:1      | Found Cyrchyunt's Assorted Antiques.
   126 | D:1      | Reached XP level 2. HP: 20/26 MP: 1/1
   203 | D:1      | Reached skill level 4 in Unarmed Combat
  1037 | D:2      | Reached XP level 3. HP: 30/31 MP: 2/2
  1350 | D:2      | Reached skill level 5 in Unarmed Combat
  1400 | D:2      | Reached XP level 4. HP: 38/38 MP: 3/3
  1967 | D:3      | Reached skill level 6 in Unarmed Combat
  1977 | D:3      | Reached XP level 5. HP: 45/45 MP: 4/4
  2275 | D:3      | Noticed a kobold brigand
  2292 | D:3      | Reached skill level 7 in Unarmed Combat
  2296 | D:3      | Reached XP level 6. HP: 41/51 MP: 5/5
  2306 | D:3      | Slain by an orc

Vanquished Creatures
  A hound (D:3)
  An orc wizard (D:3)
  4 gnolls (D:3)
  8 adders
  2 dart slugs
  6 orcs (D:3)
  5 ball pythons
  4 endoplasms
  3 giant cockroaches
  8 goblins
  7 hobgoblins
  8 jackals (D:3)
  6 kobolds
  2 quokkas
  5 bats (D:1)
  3 frilled lizards
  8 rats
81 creatures vanquished.

Vanquished Creatures (others)
  3 plants (D:3)
3 creatures vanquished.

Grand Total: 84 creatures vanquished

Table legend: (Time is in decaauts)
 A = Elapsed time spent in this place.
 B = Non-inter-level travel time spent in this place.
 C = Inter-level travel time spent in this place.
 D = Time resting spent in this place.
 E = Time spent auto-exploring this place.
 F = Levels seen in this place.
 G = Mean time per level.
                   A        B        C        D        E       F      G
               +--------+--------+--------+--------+--------+-----+--------+
         Total |   2282 |   2229 |     53 |    100 |   1616 |   3 |  760.7 |
       Dungeon |   2282 |   2229 |     53 |    100 |   1616 |   3 |  760.7 |
               +--------+--------+--------+--------+--------+-----+--------+

Top non-repeatable levels by time:
     D:1: 1020 daAuts
     D:2: 833 daAuts
     D:3: 428 daAuts

Table legend:
 A = Non-vault XP
 B = Vault XP
 C = Vault XP percentage of total XP
 D = Non-vault monster count
 E = Vault monster count
 F = Vault count percentage of total count
                 A         B        C        D         E       F
            +---------+---------+-------+---------+---------+-------
      Total |     216 |     152 |  41.3 |      58 |      23 |  28.4
            +---------+---------+-------+---------+---------+-------
        D:1 |      33 |       0 |   0.0 |      20 |       0 |   0.0
        D:2 |      63 |      39 |  38.2 |      16 |      10 |  38.5
        D:3 |     120 |     113 |  48.5 |      22 |      13 |  37.1
            +---------+---------+-------+---------+---------+-------
